 Dungeon Crawl Stone Soup version 0.23.1 (webtiles) character file.

Game seed: 0

24885 teukkam the Cleaver (level 12, -1/110 HPs)
             Began as a Minotaur Fighter on Mar 15, 2019.
             Was a High Priest of Nemelex Xobeh.
             Slain by a nine-headed hydra (11 damage)
             ... summoned by Xom
             ... on level 5 of the Lair of Beasts on Mar 19, 2019.
             The game lasted 01:05:48 (11833 turns).

teukkam the Cleaver (Minotaur Fighter)             Turns: 11833, Time: 01:05:49

Health: -1/110     AC:  9    Str: 23    XL:     12   Next: 84%
Magic:  17/17      EV: 13    Int:  5    God:    Nemelex Xobeh [*****.]
Gold:   431        SH: 12    Dex: 11    Spells: 11/11 levels left

rFire    + . .     SeeInvis +   a - +14 obsidian axe {chop, +Fly SInv *Curse}
rCold    + + .     Gourm    .   c - +0 shield
rNeg     . . .     Faith    +   h - +1 ring mail {rPois}
rPois    +         Spirit   .   A - +1 hat
rElec    .         Reflect  .   (no cloak)
rCorr    .         Harm     .   (no gloves)
MR       .....                  (no boots)
Stlth    +.........             p - amulet of faith
HPRegen  0.68/turn              k - ring of protection from fire
MPRegen  0.15/turn              v - ring of protection from cold

@: mesmerised, hasted, very quick
A: retaliatory headbutt, horns 2, repulsion field 1, cold resistance 1,
regeneration 1, screaming 1, weak 1
a: Draw Escape, Draw Destruction, Draw Summoning, Triple Draw, Deal Four, Stack
Five, Renounce Religion, Evoke Flight


You were on level 5 of the Lair of Beasts.
You worshipped Nemelex Xobeh.
Nemelex Xobeh was extremely pleased with you.
You were not hungry.

You visited 3 branches of the dungeon, and saw 17 of its levels.
You also visited: Ossuary.

You collected 683 gold pieces.
You spent 252 gold pieces at shops.

Inventory:

Hand Weapons
 a - the +14 obsidian axe (weapon) {chop, +Fly SInv *Curse}
   (You found it on level 6 of the Dungeon)

   It inflicts extra damage upon your enemies.
   It lets you see invisible.
   It lets you fly.
   It curses itself when equipped.
 b - the +0 dagger of Xang {speed, +Inv rElec Dex-2}
   (You found it on level 6 of the Dungeon)

   Attacks with this weapon are significantly faster.
   It affects your dexterity (-2).
   It insulates you from electricity.
   It lets you turn invisible.
 e - a +0 mace of crushing
 i - a +1 war axe
 m - a +1 antimagic mace
 o - the +4 rapier of Guilt {flame, Str+6 Stlth-}
   (You bought it in a shop on level 6 of the Dungeon)

   It has been specially enchanted to burn those struck by it, causing extra
   injury to most foes and up to half again as much damage against particularly
   susceptible opponents.
   It affects your strength (+6).
   It makes you less stealthy.
 D - a +0 hunting sling
Missiles
 t - 44 poisoned needles
 u - 52 sling bullets
 E - 317 stones
 L - 4 tomahawks
 U - a throwing net
 V - 2 javelins (quivered)
Armour
 c - a +0 shield (worn)
 h - a +1 ring mail of poison resistance (worn)
 A - a +1 hat (worn)
Magical Staves
 z - an uncursed staff of energy {unknown}
Jewellery
 k - a ring of protection from fire (left hand)
 p - an amulet of faith (around neck)
 v - a ring of protection from cold (right hand)
 S - an uncursed amulet of magic regeneration {unknown}
Wands
 g - a wand of digging (8)
 C - a wand of flame (77)
 H - a wand of acid (20)
 K - a wand of disintegration (25)
Scrolls
 j - 7 scrolls of teleportation
 n - 15 scrolls of identify
 q - 3 scrolls of enchant weapon
 w - 2 scrolls of vulnerability {unknown}
 y - 2 scrolls of blinking {unknown}
 F - a scroll of noise {unknown}
 G - 2 scrolls of amnesia {unknown}
 I - 3 scrolls of fear
 O - a scroll of fog
 Q - 2 scrolls of magic mapping
Potions
 d - 3 potions of might
 l - a potion of agility
 r - 4 potions of curing
 s - a potion of haste
 x - 2 potions of berserk rage {unknown}
 B - 3 potions of brilliance
 J - a potion of resistance
 N - a potion of cancellation
 P - 2 potions of flight
 R - a potion of lignification {unknown}
 W - a potion of invisibility
Miscellaneous
 M - a box of beasts
Comestibles
 f - 27 rations


   Skills:
 + Level 11.4 Fighting
 + Level 11.9 Axes
 + Level 6.8 Throwing
 + Level 11.7 Armour
 - Level 1.7 Dodging
 - Level 0.4 Stealth
 + Level 11.5 Shields
 + Level 8.7 Invocations


You had 11 spell levels left.
You didn't know any spells.
Your spell library contained the following spells:

 Spells                   Type           Power        Failure   Level  Hunger
 Animate Skeleton         Necr           N/A          75%         1    ##.....
 Apportation              Tloc           #.....       75%         1    ##.....
 Confusing Touch          Hex            #.....       75%         1    ##.....
 Corona                   Hex            #......      75%         1    ##.....
 Magic Dart               Conj           #...         75%         1    ##.....
 Sandblast                Erth           #.....       75%         1    ##.....
 Summon Small Mammal      Summ           #...         75%         1    ##.....
 Ensorcelled Hibernation  Hex/Ice        #.....       87%         2    ###....
 Passwall                 Tmut/Erth      #.......     87%         2    ###....
 Searing Ray              Conj           #.....       87%         2    ###....
 Sublimation of Blood     Necr           #.........   87%         2    ###....
 Confuse                  Hex            #.......     98%         3    ####...
 Dazzling Spray           Conj/Hex       #.....       98%         3    ####...
 Ignite Poison            Fire/Tmut/Pois #.......     98%         3    ####...
 Stone Arrow              Conj/Erth      #.....       98%         3    ####...
 Tukima's Dance           Hex            #.......     98%         3    ####...
 Force Lance              Conj/Tloc      #.......     100%        4    #####..
 Fulminant Prism          Conj/Hex       #.........   100%        4    #####..
 Iskenderun's Mystic Bla  Conj           #.......     100%        4    #####..
 Petrify                  Tmut/Erth      #.......     100%        4    #####..
 Alistair's Intoxication  Tmut/Pois      #.......     100%        5    ######.
 Irradiate                Conj/Tmut      #.........   100%        5    ######.
 Lee's Rapid Deconstruct  Erth           #.........   100%        5    ######.


Dungeon Overview and Level Annotations

Branches:
Dungeon (11/15)            Temple (1/1) D:6            Lair (5/6) D:10
  Swamp (0/4) Lair:2       Spider (0/4) Lair:2          Orc (0/2) D:10
  Slime: Lair:5-6

Altars:
Ashenzari
Cheibriados
Dithmenos
Elyvilon
Fedhas
Gozag
Hepliaklqana
Kikubaaqudgha
Makhleb
Nemelex Xobeh
Okawaru
Qazlal
Ru
Sif Muna
Trog
Uskayaw
Vehumet
Wu Jian
Xom
Yredelemnul
Zin
The Shining One

Shops:
D:4 =   D:6 *


Innate Abilities, Weirdness & Mutations

You reflexively headbutt those who attack you in melee.
You have a pair of horns on your head.
You are surrounded by a mild repulsion field. (EV +2)
Your flesh is cold resistant. (rC+)
Your natural rate of healing is unusually fast.
You occasionally shout uncontrollably at your foes.
You are weak. (Str -2)


Message History

The nine-headed hydra closely misses you.
You block the nine-headed hydra's attack.
The nine-headed hydra bites you but does no damage.
You block the nine-headed hydra's attack.
The nine-headed hydra completely misses you.
The nine-headed hydra bites you. The nine-headed hydra bites you!
* * * LOW HITPOINT WARNING * * *
The nine-headed hydra closely misses you.
The nine-headed hydra bites you but does no damage.
It was a potion of haste.
You feel yourself speed up.
The nine-headed hydra bites you but does no damage.
The nine-headed hydra completely misses you.
The nine-headed hydra bites you!
* * * LOW HITPOINT WARNING * * *
The nine-headed hydra barely misses you.
The nine-headed hydra bites you.
* * * LOW HITPOINT WARNING * * *
The nine-headed hydra bites you!
You die...
Your body glows with a rainbow of weird colours and disappears.

#P.######...# #......###..P# #.
P..........###P........#..## #.
#..##......# ##.......3...# #.
.#.##.#....# ##.#.......## ##
#####......# #.#....#...# ##
#.#....# # ###.#....## #P
##..#>## #####.......# #.
####..#..####D##........######.
##.#........>.#@4..........PP###
#.#.P....#..P.#..............##.
##..........##.##...............
#..#....######!..............##
##.#....# #....###........###
###...#...# ...### #..#.....# .
#....#..### ##.. #.#..>...##.
...†..#[.######... ##...........
##.P###......##..####........#..#


You could see a nine-headed hydra and a friendly chaos spawn.

Vanquished Creatures
  Kirke (Lair:4)
  A hydra (Lair:2)
  A two-headed ogre (D:10)
  2 black mambas
  6 spiny frogs
  A gargoyle (D:10)
  6 komodo dragons
  A centaur skeleton (D:10)
  3 polar bears
  9 dream sheep
  4 hippogriffs
  2 blink frogs
  A wyvern (Lair:5)
  A human (D:7)
  18 yaks
  2 hogs (Lair:4)
  3 water moccasins
  An ice beast (D:10)
  2 orc warriors (D:7)
  4 porcupines
  2 sky beasts
  An eye of draining (D:10)
  3 necrophages
  A black bear (D:8)
  3 wolves (Lair:1)
  3 ogres
  A centaur (D:10)
  2 crocodiles
  A big kobold (D:8)
  9 bullfrogs
  7 scorpions
  8 killer bees
  4 wights (D:7)
  2 electric eels
  2 crimson imps
  A jelly (D:6)
  2 bullfrog zombies
  7 hounds
  2 centaur zombies (Ossuary)
  A human zombie (Ossuary)
  6 orc priests
  A bullfrog skeleton (D:10)
  2 iguanas
  9 orc wizards
  6 worker ants
  A hound skeleton (D:5)
  3 mummies (Ossuary)
  A worker ant zombie (D:6)
  9 gnolls
  3 scorpion zombies (Ossuary)
  11 adders
  3 shadow imps
  An ooze (D:3)
  2 adder zombies (D:5)
  A worm (D:4)
  A dart slug (D:1)
  7 leopard geckos
  31 orcs
  2 ball pythons
  3 giant cockroaches
  16 goblins
  13 hobgoblins
  9 jackals
  6 quokkas
  5 bats
  A frilled lizard (D:1)
  A gnoll zombie (Ossuary)
  2 goblin zombies (Ossuary)
  6 hobgoblin zombies (Ossuary)
  7 kobolds
  2 kobold zombies (Ossuary)
  A leopard gecko skeleton (D:5)
  2 orc zombies (Ossuary)
  A quokka skeleton (D:6)
  9 rats
  7 fungi (Lair:5)
  7 plants
329 creatures vanquished.

Vanquished Creatures (collateral kills)
  2 hydras
  Erolcha (D:9)
  A two-headed ogre (D:10)
  A centaur zombie (D:10)
  2 spiny frogs
  2 komodo dragons (Lair:5)
  4 blink frogs
  Eustachio (D:6)
  A human (D:7)
  22 yaks
  Grum (Lair:1)
  A basilisk (Lair:4)
  A hungry ghost (D:7)
  3 water moccasins
  A porcupine (Lair:2)
  An orc warrior (D:7)
  An ogre (D:8)
  A centaur (D:5)
  A wolf (Lair:1)
  2 big kobolds (D:8)
  2 bullfrogs
  2 killer bees (D:10)
  A wight (D:7)
  A crimson imp (D:10)
  An orc wizard (D:7)
  An iguana (D:10)
  An orc (D:10)
  A fire vortex (D:8)
  2 fungi (Lair:5)
  3 plants
65 creatures vanquished.

Vanquished Creatures (others)
  A bat (D:2)
  A goblin (D:2)
  2 hobgoblins (D:2)
  A kobold zombie (Ossuary)
  A fire vortex (D:8)
  7 fungi (Lair:5)
13 creatures vanquished.

Grand Total: 407 creatures vanquished

Notes
Turn   | Place    | Note
-------+----------+-------------------------------------------
     0 | D:1      | teukkam the Minotaur Fighter began the quest for the Orb.
     0 | D:1      | Reached XP level 1. HP: 19/19 MP: 0/0
    61 | D:1      | Reached XP level 2. HP: 12/27 MP: 1/1
   368 | D:3      | Found a faded altar of an unknown god.
   381 | D:3      | Became a worshipper of Xom of Chaos
   398 | D:3      | Reached XP level 3. HP: 31/33 MP: 2/2
   429 | D:2      | XOM: potion effect (agility)
   511 | D:2      | XOM: divination: detect items
   565 | D:2      | XOM: silly message
   566 | D:2      | Reached XP level 4. HP: 32/40 MP: 3/3
   687 | D:1      | XOM: noise
  1301 | D:2      | XOM: god gift: thick peridot amulet {god gift}
  1356 | D:2      | XOM: noise
  1534 | D:2      | XOM: destruction
  1737 | D:3      | Reached XP level 5. HP: 43/47 MP: 4/4
  1868 | D:3      | XOM: 2-stop teleportation journey
  1890 | D:4      | Reached skill level 5 in Armour
  1894 | D:4      | XOM: divination: detect creatures
  2066 | D:3      | Found a glowing golden altar of the Shining One.
  2219 | D:3      | XOM is BORED!
  2219 | D:3      | XOM: summons 2 hostile demons
  2311 | D:3      | Found a sparkling altar of Nemelex Xobeh.
  2312 | D:3      | Found an opulent altar of Gozag.
  2317 | D:3      | Fell from the grace of Xom
  2317 | D:3      | Became a worshipper of Nemelex Xobeh the Trickster
  2617 | D:4      | Reached XP level 6. HP: 39/53 MP: 5/5
  2624 | D:4      | Reached skill level 1 in Dodging
  2668 | D:4      | Reached skill level 5 in Axes
  2672 | D:4      | Found Lemuiceg's Jewellery Shoppe.
  2741 | D:4      | Reached skill level 5 in Shields
  2781 | D:4      | Received a gift from Nemelex Xobeh
  3214 | D:4      | Reached skill level 5 in Fighting
  3214 | D:4      | Reached XP level 7. HP: 61/61 MP: 6/6
  3438 | D:5      | Entered Level 5 of the Dungeon
  3477 | D:5      | XOM: 1-stop teleportation journey
  3509 | D:5      | Reached * piety under Nemelex Xobeh
  3652 | D:5      | XOM: mild Conj miscast
  3750 | D:5      | Noticed a hellwing
  4037 | D:5      | XOM: mild Summ miscast
  4049 | D:5      | Found a snail-covered altar of Cheibriados.
  4199 | D:5      | Found a burning altar of Makhleb.
  4201 | D:5      | Noticed a blizzard demon
  4205 | D:5      | Noticed a neqoxec
  4205 | D:5      | Noticed a neqoxec
  4478 | D:6      | Found a staircase to the Ecumenical Temple.
  4484 | D:6      | Reached skill level 1 in Invocations
  4494 | Temple   | Entered the Ecumenical Temple
  4678 | D:6      | Noticed Eustachio
  4680 | D:6      | Noticed a wyvern
  4692 | D:6      | Killed Eustachio
  4692 | D:6      | Reached XP level 8. HP: 50/69 MP: 6/8
  4783 | D:6      | XOM: summons 4 hostile shadow creatures
  4905 | D:6      | Received a gift from Nemelex Xobeh
  5050 | D:6      | XOM: give mutations
  5050 | D:6      | Gained mutation: You possess an exceptional clarity of
                  | mind. [Xom's mischief]
  5050 | D:6      | Gained mutation: You occasionally shout uncontrollably at
                  | your foes. [Xom's mischief]
  5174 | D:6      | XOM: mild Ice miscast
  5194 | D:6      | Found Neclyppuy's Assorted Antiques.
  5203 | D:6      | Bought a slimy rapier for 252 gold pieces
  5217 | D:6      | Identified the +4 rapier of Guilt {flame, Str+6 Stlth-}
                  | (You bought it in a shop on level 6 of the Dungeon)
  5251 | D:6      | Got a crude dagger
  5253 | D:6      | Identified the cursed +0 dagger of Xang {speed, +Inv rElec
                  | Dex-2} (You found it on level 6 of the Dungeon)
  5353 | D:6      | Found the cursed +14 obsidian axe {chop, +Fly SInv *Curse}
  5623 | D:7      | Found a sand-covered staircase.
  5628 | Ossuary  | Entered an ossuary
  5840 | Ossuary  | XOM: mild Conj miscast
  5938 | Ossuary  | Reached ** piety under Nemelex Xobeh
  5978 | Ossuary  | XOM: scenery: 2 doors close
  6209 | D:7      | XOM: give mutations
  6209 | D:7      | Gained mutation: Your natural rate of healing is unusually
                  | fast. [Xom's grace]
  6209 | D:7      | Gained mutation: Your flesh is cold resistant. (rC+) [Xom's
                  | grace]
  6209 | D:7      | Gained mutation: You are surrounded by a mild repulsion
                  | field. (EV +2) [Xom's grace]
  6276 | D:7      | Received a gift from Nemelex Xobeh
  6330 | D:7      | Found an iron altar of Okawaru.
  6341 | D:7      | Reached XP level 9. HP: 48/78 MP: 10/10
  6445 | D:7      | XOM: summons 2 hostile shadow creatures
  7025 | D:8      | Found a shadowy altar of Dithmenos.
  7025 | D:8      | Found a stormy altar of Qazlal.
  7025 | D:8      | Found a sacrificial altar of Ru.
  7344 | D:9      | Reached *** piety under Nemelex Xobeh
  7399 | D:9      | XOM: enchant monster (bad)
  7402 | D:9      | Reached skill level 5 in Invocations
  7412 | D:9      | Received a gift from Nemelex Xobeh
  7484 | D:9      | Reached XP level 10. HP: 81/88 MP: 12/12
  7599 | D:9      | Noticed Erolcha
  7602 | D:9      | Killed Erolcha
  7602 | D:9      | Reached skill level 1 in Throwing
  7688 | D:10     | Entered Level 10 of the Dungeon
  7802 | D:8      | Received a gift from Nemelex Xobeh
  7868 | D:8      | XOM: noise
  8084 | D:8      | Noticed a three-headed hydra
  8090 | D:8      | Killed a six-headed hydra
  8165 | D:8      | XOM: mild Fire miscast
  8403 | D:9      | Reached **** piety under Nemelex Xobeh
  8642 | D:10     | Received a gift from Nemelex Xobeh
  8646 | D:10     | Noticed a two-headed ogre
  8646 | D:10     | Noticed a two-headed ogre
  8653 | D:10     | Killed a two-headed ogre
  8653 | D:10     | Reached skill level 10 in Axes
  8655 | D:10     | Killed a two-headed ogre
  8658 | D:10     | Reached XP level 11. HP: 27/97 MP: 14/14
  8777 | D:10     | Found a staircase to the Orcish Mines.
  8885 | D:10     | Found a staircase to the Lair.
  8976 | D:10     | XOM: harmless Erth miscast
  8978 | Lair:1   | Entered Level 1 of the Lair of Beasts
  8993 | Lair:1   | Received a gift from Nemelex Xobeh
  9025 | Lair:1   | Noticed Grum
  9028 | Lair:1   | Reached skill level 10 in Armour
  9037 | Lair:1   | Killed Grum
  9110 | Lair:2   | Received a gift from Nemelex Xobeh
  9118 | Lair:2   | Noticed a five-headed hydra
  9125 | Lair:2   | Killed an eight-headed hydra
  9277 | Lair:2   | Found a staircase to the Swamp.
  9310 | Lair:2   | Found a hole to the Spider Nest.
  9342 | Lair:2   | Reached skill level 10 in Shields
  9417 | Lair:2   | Received a gift from Nemelex Xobeh
  9534 | Lair:2   | XOM: mild Conj miscast
  9648 | Lair:2   | XOM: mild Ice miscast
  9850 | Lair:3   | Reached skill level 10 in Fighting
  9928 | Lair:3   | Reached skill level 5 in Throwing
 10008 | Lair:3   | XOM: blink monster(s)
 10019 | Lair:3   | Noticed a sixfirhy
 10096 | Lair:3   | Reached ***** piety under Nemelex Xobeh
 10651 | Lair:4   | Reached XP level 12. HP: 107/107 MP: 16/16
 10780 | Lair:4   | Noticed an eight-headed hydra
 10784 | Lair:4   | Killed a ten-headed hydra
 10856 | Lair:4   | Received a gift from Nemelex Xobeh
 10948 | Lair:4   | Noticed Kirke
 10953 | Lair:4   | Killed Kirke
 11505 | Lair:5   | XOM: give mutations
 11505 | Lair:5   | Lost mutation: You possess an exceptional clarity of mind.
                  | [Xom's mischief]
 11505 | Lair:5   | Gained mutation: You are weak. (Str -2) [Xom's mischief]
 11520 | Lair:5   | XOM: mild Tmut miscast
 11673 | Lair:5   | Received a gift from Nemelex Xobeh
 11700 | Lair:5   | XOM: polymorph orange demon -> rust devil
 11824 | Lair:5   | XOM: summons 2 hostile shadow creatures
 11825 | Lair:5   | Noticed a five-headed hydra
 11833 | Lair:5   | Slain by a nine-headed hydra

Skill      XL: |  1  2  3  4  5  6  7  8  9 10 11 12 |
---------------+-------------------------------------+-----
Shields        | 4 5 7 8 9 10 11 | 11.5
Fighting       | 4 5 6 8 9 10 11 | 11.4
Armour         | 4 5 6 7 8 9 10 11 | 11.7
Axes           | 3 4 5 6 8 9 10 11 | 11.9
Dodging        | 1 |  1.7
Invocations    | 1 3 5 6 7 8 |  8.7
Throwing       | 3 5 6 |  6.8
Stealth        | |  0.4

Action                   |  1- 3 |  4- 6 |  7- 9 | 10-12 || total
-------------------------+-------+-------+-------+-------++-------
Melee: War axe           |    49 |   143 |   146 |       ||   338
       Headbutt          |     6 |    27 |    52 |    30 ||   115
       Broad axe         |       |       |   119 |   193 ||   312
       Rapier            |       |       |     4 |       ||     4
Throw: Throwing net      |       |       |     2 |       ||     2
       Stone             |       |       |     8 |    20 ||    28
       Javelin           |       |       |     1 |    52 ||    53
 Abil: Draw Summoning    |       |       |     3 |     4 ||     7
       Draw Destruction  |       |       |     1 |    15 ||    16
       Draw Escape       |       |       |     1 |     4 ||     5
       Evoke Flight      |       |       |     1 |       ||     1
Evoke: Wand              |       |       |     1 |       ||     1
  Use: Scroll            |       |     9 |     3 |     2 ||    14
       Potion            |       |       |    10 |     1 ||    11
 Stab: Distracted        |       |       |     1 |     4 ||     5
  Eat: Chunk             |       |     9 |     7 |     4 ||    20
       Ration            |       |       |     3 |     2 ||     5
Armor: Scale mail        |    23 |    41 |    62 |       ||   126
       Leather armour    |       |     7 |       |       ||     7
       Ring mail         |       |       |    24 |    42 ||    66
Dodge: Dodged            |    19 |    25 |    67 |    87 ||   198
Block: Shield            |    34 |    77 |   128 |   106 ||   345
